 Dungeon Crawl Stone Soup version 0.20-a0-1023-gc4d110f (webtiles) character file.

86 Rrauwl the Skirmisher (level 4, 0/39 HPs)
             Began as a Demonspawn Monk on Apr 19, 2017.
             Slain by Rrauwl's ghost (7 damage)
             ... on level 3 of the Dungeon.
             The game lasted 00:08:13 (1977 turns).

Rrauwl the Skirmisher (Demonspawn Monk)             Turns: 1977, Time: 00:08:13

Health: 0/39       AC: 10    Str: 12    XL:     4   Next: 26%
Magic:  4/4        EV: 12    Int: 11    God:
Gold:   37         SH:  4    Dex: 16    Spells: 3/3 levels left

rFire    + . .     SeeInvis .   a - +0 mace
rCold    . . .     Gourm    .   (no shield)
rNeg     . . .     Faith    .   m - +4 scale mail
rPois    .         Spirit   .   (helmet restricted)
rElec    .         Reflect  +   (no cloak)
rCorr    .         Harm     .   (no gloves)
MR       .....                  (no boots)
Stlth    +.........             g - +4 amulet of reflection
Regen    0.2/turn               (no ring)
MPRegen  0.1/turn               (no ring)

@: flying
A: antennae 1, fire resistance 1, sturdy frame 1
a: no special abilities


You were on level 3 of the Dungeon.
You were not hungry.

You visited 1 branch of the dungeon, and saw 3 of its levels.

You collected 37 gold pieces.

Inventory:

Hand Weapons
 a - a +0 mace (weapon)
 b - a +0 hunting sling
Missiles
 l - 30 stones (quivered)
Armour
 m - a +4 scale mail (worn)
Jewellery
 g - a +4 amulet of reflection (around neck)
 k - an uncursed amulet of harm {unknown}
Scrolls
 f - a scroll of remove curse
Comestibles
 c - a meat ration
 j - 3 bread rations


   Skills:
 + Level 5.1 Fighting
 - Level 4.1 Dodging
 - Level 4.0 Stealth


You had 3 spell levels left.
You didn't know any spells.

Dungeon Overview and Level Annotations

Branches:
Dungeon (3/15)

Altars:
Hepliaklqana
Makhleb
Qazlal
Sif Muna
Xom
Yredelemnul

Annotations:
D:3 Rrauwl's ghost, amateur FoFi


Innate Abilities, Weirdness & Mutations

You have a pair of small antennae on your head.
Your flesh is heat resistant. (rF+)
Your movements are slightly less encumbered by armour. (ER -2)


Message History

Rrauwl's ghost hits you! You block Rrauwl's ghost's attack.
You barely miss Rrauwl's ghost.
Rrauwl's ghost is moderately damaged.
Rrauwl's ghost hits you but does no damage.
You barely miss Rrauwl's ghost.
Rrauwl's ghost is moderately damaged.
Rrauwl's ghost hits you but does no damage.
Rrauwl's ghost barely misses you.
You barely miss Rrauwl's ghost.
Rrauwl's ghost is moderately damaged.
You block Rrauwl's ghost's attack.
You hit Rrauwl's ghost but do no damage.
Rrauwl's ghost is moderately damaged.
Rrauwl's ghost barely misses you.
You hit Rrauwl's ghost.
Rrauwl's ghost is heavily damaged.
Rrauwl's ghost hits you!
* * * LOW HITPOINT WARNING * * *
Rrauwl's ghost hits you!
You die...

..##
....
..#
...
#.#
#.#
#<#
#.#
#@#
#W#
#.#
#.#
#.#
#.#
#..
###


You could see Rrauwl's ghost.

Vanquished Creatures
  4 adders (D:2)
  A dart slug (D:1)
  A leopard gecko (D:2)
  3 giant cockroaches
  5 goblins
  A hobgoblin (D:2)
  6 jackals
  7 kobolds
  A ball python (D:2)
  8 bats
  8 rats
45 creatures vanquished.

Notes
Turn   | Place    | Note
-------+----------+-------------------------------------------
     0 | D:1      | Rrauwl the Demonspawn Monk began the quest for the Orb.
     0 | D:1      | Reached XP level 1. HP: 19/19 MP: 1/1
   286 | D:1      | Gained mutation: Your movements are slightly less encumbered by armour. (ER -2) [demonic ancestry]
   286 | D:1      | Reached XP level 2. HP: 17/25 MP: 2/2
   839 | D:2      | Found a basalt altar of Yredelemnul.
   906 | D:2      | Gained mutation: Your flesh is heat resistant. (rF+) [demonic ancestry]
   906 | D:2      | Reached XP level 3. HP: 30/31 MP: 3/3
   965 | D:2      | Found a stormy altar of Qazlal.
  1315 | D:2      | Found a deep blue altar of Sif Muna.
  1329 | D:2      | Found a hazy altar of Hepliaklqana.
  1565 | D:2      | Gained mutation: You have a pair of small antennae on your head. [demonic ancestry]
  1565 | D:2      | Reached XP level 4. HP: 35/38 MP: 4/4
  1731 | D:2      | Found a shimmering altar of Xom.
  1731 | D:2      | Found a burning altar of Makhleb.
  1749 | D:2      | Reached skill level 5 in Fighting
  1946 | D:3      | Noticed Rrauwl's ghost (amateur FoFi)
  1977 | D:3      | Slain by Rrauwl's ghost

Vault maps used:
D:1:      minmay_arrival_up_and_down
D:2:      chequers_temple_overflow_statue_of_worship,
          nicolae_overflow_hidden_temple, old_standard_altar, minitemple,
          first_bread
D:3:      overflow_temple_1_default,
          nicolae_gozag_cash_rules_everything_around_me,
          nicolae_ru_great_annihilating_truth

Skill      XL: |  1  2  3  4 |
---------------+-------------+-----
Stealth        | 4 |  4.0
Dodging        | 4 |  4.1
Fighting       | 5 |  5.1

Action                   |  1- 3 |  4- 6 || total
-------------------------+-------+-------++-------
Melee: Unarmed           |    39 |       ||    39
       Mace              |   127 |    82 ||   209
  Use: Scroll            |     3 |     1 ||     4
       Potion            |       |     1 ||     1
  Eat: Chunk             |     2 |     2 ||     4
Armor: Robe              |     6 |       ||     6
       Plate armour      |    96 |    24 ||   120
       Chain mail        |    13 |       ||    13
       Scale mail        |       |    20 ||    20
Dodge: Dodged            |    85 |    44 ||   129
Block: Other             |    24 |    13 ||    37
       Reflection        |     1 |       ||     1
